 Dungeon Crawl Stone Soup version 0.27.0-1-g7a089689b8 (webtiles) character file.

Game seed: 16146796100745354899

59 ZARRMARR the Cutter (level 4, -1/24 HPs)
             Began as a Kobold Enchanter on Aug 14, 2021.
             Slain by a scorpion (7 damage)
             ... on level 2 of the Dungeon.
             The game lasted 00:08:10 (1980 turns).

ZARRMARR the Cutter (Kobold Enchanter)              Turns: 1980, Time: 00:08:11

Health: -1/24      AC:  4    Str:  5    XL:     4   Next: 22%
Magic:  7/7        EV: 15    Int: 16    God:
Gold:   52         SH:  0    Dex: 16    Spells: 6/7 levels left

rFire    . . .     SeeInvis .   a - +1 dagger
rCold    . . .     Faith    .   (shield restricted)
rNeg     + . .     Spirit   .   b - +0 robe
rPois    .         Reflect  .   (no helmet)
rElec    .         Harm     .   (no cloak)
rCorr    +         Rampage  .   (no gloves)
Will     .....                  l - +1 pair of boots
Stlth    ++++......             (no amulet)
HPRegen  0.08/turn              e - ring of positive energy
MPRegen  0.10/turn              j - ring of resist corrosion

@: brilliant, about to teleport
A: small, no large weapons, nightstalker 3
a: no special abilities


You were on level 2 of the Dungeon.
You visited 1 branch of the dungeon, and saw 2 of its levels.

You collected 52 gold pieces.

Inventory:

Hand Weapons
 a - a +1 dagger (weapon)
Missiles
 d - 38 stones (quivered)
Armour
 b - a +0 robe (worn)
 l - a +1 pair of boots (worn)
Jewellery
 e - a ring of positive energy (left hand)
 j - a ring of resist corrosion (right hand)
 k - a ring of magical power
Scrolls
 c - a scroll of teleportation
 m - a scroll of brand weapon {unknown}
Potions
 g - a potion of brilliance
 i - a potion of cancellation {unknown}


   Skills:
 + Level 5.0 Short Blades
 - Level 2.4 Dodging
 - Level 4.0 Stealth
 - Level 2.1 Spellcasting
 - Level 3.0 Hexes


You had 6 spell levels left.
You knew the following spells:

 Your Spells              Type           Power      Damage    Failure   Level
a - Corona                Hex            18%        N/A       6%          1

Your spell library contained the following spells:

 Spells                   Type           Power      Damage    Failure   Level
 Ensorcelled Hibernation  Hex/Ice        18%        N/A       17%         2
 Confusing Touch          Hex            17%        N/A       19%         3
 Tukima's Dance           Hex            17%        N/A       19%         3
 Dazzling Flash           Conj/Hex       18%        N/A       32%         3


Dungeon Overview and Level Annotations

Branches:
Dungeon (2/15)

Altars:

Shops:
D:2 (


Innate Abilities, Weirdness & Mutations

You are small and have problems with some larger weapons.
You are completely attuned to the shadows.


Message History

You feel clever all of a sudden.
You feel sick. The scorpion stings you.
* * * LOW HITPOINT WARNING * * *
It was a potion of heal wounds.
You feel much better.
You feel sick. The scorpion closely misses you.
The scorpion stings you but does no damage.
You closely miss the scorpion.
You feel sick.
You hit the scorpion.
The scorpion is lightly wounded.
You feel sick. The scorpion stings you.
You hit the scorpion but do no damage.
The scorpion is lightly wounded.
You feel sick. The scorpion completely misses you.
Throw: 39 stones
Press: ? - help, Q - select action, (/) - cycle Shift-Dir - straight line, f/p - scorpion
Aim: a scorpion (lightly wounded, 59% to hit)
You throw a stone.
The stone hits the scorpion but does no damage.
The scorpion is lightly wounded.
You feel sick. The scorpion barely misses you.
You hit the scorpion but do no damage.
The scorpion is lightly wounded.
The scorpion stings you but does no damage.
You barely miss the scorpion.
The scorpion is lightly wounded.
You feel sick.
You are no longer poisoned.
The scorpion barely misses you.
You barely miss the scorpion.
The scorpion is lightly wounded.
The scorpion stings you.
* * * LOW HITPOINT WARNING * * *
You barely miss the scorpion.
The scorpion is lightly wounded.
The scorpion stings you.
* * * LOW HITPOINT WARNING * * *
As you read the scroll labelled DAGAIB HODIOS, it crumbles to dust.
You feel strangely unstable.
It was a scroll of teleportation.
The scorpion stings you!
You die...

######## #.......
#########.######
..............##
.......####..###.###...
..#...####............
#.##.##...>##.#....... #
#.##.##....##.#.......
..##(.(s@........#.......
.....##..........#.......
#.#####.##........#.##...... #.#
#...##÷##....##......... #.#
#.#.##.##....#..........
.####.###.#.##.###.#..........##
............##†# #.###........##
#####.###.####.###.###.........#
#####.# #......##...##.........#


You could see a scorpion.

Vanquished Creatures
  An adder (D:2)
  A worm (D:2)
  3 ball pythons
  4 endoplasms (D:1)
  2 giant cockroaches (D:2)
  2 goblins (D:1)
  3 hobgoblins (D:1)
  7 jackals
  7 kobolds
  A quokka (D:2)
  3 bats
  3 frilled lizards (D:1)
  5 rats
42 creatures vanquished.

Notes
Turn   | Place    | Note
-------+----------+-------------------------------------------
     0 | D:1      | ZARRMARR the Kobold Enchanter began the quest for the Orb.
     0 | D:1      | Reached XP level 1. HP: 10/10 MP: 3/3
    73 | D:1      | Reached skill level 2 in Short Blades
   160 | D:1      | Reached XP level 2. HP: 15/15 MP: 5/5
   180 | D:1      | Reached skill level 3 in Short Blades
   408 | D:1      | Reached XP level 3. HP: 19/19 MP: 6/6
   747 | D:1      | Reached skill level 4 in Short Blades
   973 | D:1      | Found a faded altar of an unknown god.
  1415 | D:2      | Found Gaddifry's Antique Weapon Shop.
  1477 | D:2      | Reached XP level 4. HP: 17/24 MP: 7/7
  1715 | D:2      | Reached skill level 5 in Short Blades
  1792 | D:2      | Noticed a scorpion
  1980 | D:2      | Slain by a scorpion

Illustrated notes

Levels and vault maps discovered:
D:1:      sevenhm_arrival_forest_fort_large_4, layout_basic,
          shapermc_ecumenical_altar_mp_urbaneastern, minmay_nonomino_d4
D:2:      layout_loops_ring, serial_shops, shop

Skill      XL: |  1  2  3  4 |
---------------+-------------+-----
Short Blades   | 2 3 4 5 |  5.0
Dodging        | |  2.4
Stealth        | |  4.0
Spellcasting   | |  2.1
Hexes          | |  3.0

Action                   |  1- 3 |  4- 6 || total
-------------------------+-------+-------++-------
Melee: Dagger            |    90 |    45 ||   135
Throw: Dart              |     6 |    14 ||    20
       Stone             |       |     2 ||     2
 Cast: Corona            |     2 |       ||     2
  Use: Potion            |       |     2 ||     2
       Scroll            |       |     1 ||     1
 Stab: Sleeping          |    20 |     1 ||    21
       Invisible         |       |     1 ||     1
Armor: Robe              |    10 |     5 ||    15
Dodge: Dodged            |    52 |    31 ||    83
